 Dungeon Crawl Stone Soup version 0.22.0-40-g68aacdc (webtiles) character file.

139 Gildeon the Digger (level 5, -4/28 HPs)
             Began as a Gargoyle Earth Elementalist on Sept 2, 2018.
             Killed by divine providence
             ... invoked by an orc priest
              (14 damage)
             ... on level 3 of the Dungeon.
             The game lasted 00:16:18 (3040 turns).

Gildeon the Digger (Gargoyle Earth Elementalist)    Turns: 3040, Time: 00:16:20

Health: -4/28      AC:  9    Str: 16    XL:     5   Next: 22%
Magic:  1/9        EV: 15    Int: 17    God:
Gold:   159        SH:  0    Dex: 10    Spells: 0/10 levels left

rFire    . . .     SeeInvis .   a - +0 club
rCold    . . .     Gourm    .   (no shield)
rNeg     + + .     Faith    .   c - +0 robe
rPois    ∞         Spirit   .   (no helmet)
rElec    +         Reflect  .   (no cloak)
rCorr    .         Harm     .   k - +0 pair of gloves
MR       .....                  n - +1 pair of boots
Stlth    ++........             (no amulet)
HPRegen  0.09/turn              u - ring of positive energy
MPRegen  0.11/turn              t - +3 ring of evasion

@: mighty, very slightly contaminated
A: negative energy resistance 1, electricity resistance, unbreathing,
petrification resistance, rot immunity, AC +4
a: no special abilities


You were on level 3 of the Dungeon.
You were not hungry.

You visited 1 branch of the dungeon, and saw 3 of its levels.

You collected 159 gold pieces.

Inventory:

Hand Weapons
 a - a +0 club (weapon)
 y - a +0 hunting sling
Missiles
 b - 12 sling bullets
Armour
 c - a +0 robe (worn)
 k - a +0 pair of gloves (worn)
 m - a +0 leather armour
 n - a +1 pair of boots (worn)
 r - a +0 ring mail
Jewellery
 i - an uncursed ring of ice
 t - a +3 ring of evasion (right hand)
 u - a ring of positive energy (left hand)
Scrolls
 g - a scroll of amnesia
 p - a scroll of teleportation
 q - a scroll of remove curse
 s - a scroll of blinking {unknown}
 v - 2 scrolls of magic mapping
Potions
 e - 2 potions of curing
 f - a potion of might
 h - 2 potions of heal wounds
 j - a potion of berserk rage {unknown}
 l - a potion of invisibility {unknown}
 o - a potion of degeneration {unknown}
 z - a potion of haste {unknown}
Comestibles
 d - 5 rations
 w - 3 chunks of flesh


   Skills:
 - Level 2.0 Dodging
 - Level 2.1 Stealth
 + Level 3.2 Spellcasting
 + Level 2.2 Conjurations
 - Level 0.7 Transmutations
 + Level 4.9 Earth Magic


You couldn't memorise any spells.
You knew the following spells:

 Your Spells              Type           Power        Failure   Level  Hunger
a - Sandblast             Erth           ###...       2%          1    None
b - Passwall              Tmut/Erth      ##......     9%          2    ##.....
c - Stone Arrow           Conj/Erth      ##....       12%         3    ###....
d - Petrify               Tmut/Erth      ##......     47%         4    ####...

Your spell library contained the following spells:

 Spells                   Type           Power        Failure   Level  Hunger
 Lee's Rapid Deconstruct  Erth           ###.......   54%         5    ######.


Dungeon Overview and Level Annotations

Branches:
Dungeon (3/15)

Altars:
Uskayaw


Innate Abilities, Weirdness & Mutations

You are resistant to torment.
Your stone body is resilient. (AC +4)
You are immune to poison.
You resist negative energy. (rN+)
You are resistant to electric shocks. (rElec)
You can survive without breathing.
You are immune to petrification.
You are immune to rotting.


Message History

You hit the orc priest but do no damage.
The orc priest is heavily wounded.
The orc priest hits you with a flail.
You feel very mighty all of a sudden.
The orc priest calls down the wrath of Beogh upon you.
Pain shoots through your body!
You completely miss the orc priest.
The orc priest is heavily wounded.
The orc priest invokes the aid of Beogh against you.
You barely resist.
You hit the orc priest but do no damage.
The orc priest is heavily wounded.
The orc priest mumbles some strange prayers to Beogh against you.
Pain shoots through your body!
You hit the orc priest.
The orc priest is severely wounded.
The orc priest invokes the aid of Beogh against you.
Beogh smites you!
Ouch! That really hurt!
You die...

********* *#####* ,,,,,,,,*
*.....* ####### ,,,,,,,,* *,...,*
#.....# ,,,,,,,,* *,...,* #.....#
,,,,,,,,* **#.#**##.....#
,,,,,,,,* #)# #......# ,,,,,,,,*
#o####......# ***,***,****
#[@.........### ### *,*
*,,,,***#...######....###.# *,*
****,,#.....#** ####..#..# *,*
*#...#....,* ##..... *,*
*##........* #....## *,*
*...#..>.(.#* ###...### *,*
*#.#*#.......*###....## #
*,*****..* ##.####.##......####
***,*,,,,,*****...$..............


You could see an orc priest.

Vanquished Creatures
  An orc wizard (D:3)
  3 gnolls (D:2)
  An adder (D:2)
  2 oozes
  A worm (D:3)
  2 leopard geckos
  6 orcs (D:3)
  3 bats (D:1)
  A giant cockroach (D:1)
  10 goblins
  4 hobgoblins
  2 jackals (D:2)
  5 quokkas
  2 frilled lizards (D:1)
  6 kobolds
  3 rats
52 creatures vanquished.

Notes
Turn   | Place    | Note
-------+----------+-------------------------------------------
     0 | D:1      | Gildeon the Gargoyle Earth Elementalist began the quest for the Orb.
     0 | D:1      | Reached XP level 1. HP: 10/10 MP: 3/3
   240 | D:1      | Reached XP level 2. HP: 15/15 MP: 1/5
   244 | D:1      | Learned a level 2 spell: Passwall
   554 | D:1      | Reached skill level 4 in Earth Magic
  1115 | D:2      | Reached XP level 3. HP: 19/19 MP: 4/6
  1120 | D:2      | Learned a level 3 spell: Stone Arrow
  1834 | D:2      | Reached skill level 1 in Conjurations
  1841 | D:2      | Reached XP level 4. HP: 24/24 MP: 2/8
  2557 | D:3      | Reached XP level 5. HP: 24/28 MP: 1/9
  2563 | D:3      | Learned a level 4 spell: Petrify
  2647 | D:3      | Noticed a dagger
  2725 | D:3      | Noticed a hand axe
  2729 | D:3      | Found a hide-covered altar of Uskayaw.
  3040 | D:3      | Killed from afar by an orc priest

Skill      XL: |  1  2  3  4 |
---------------+-------------+-----
Earth Magic    | 4 |  4.9
Dodging        | 2 |  2.0
Conjurations   | 1 2 |  2.2
Spellcasting   | 3 |  3.2
Stealth        | |  2.1
Transmutations | |  0.7

Action                   |  1- 3 |  4- 6 || total
-------------------------+-------+-------++-------
Melee: Club              |    55 |    73 ||   128
 Cast: Sandblast         |    39 |    25 ||    64
       Stone Arrow       |     1 |     2 ||     3
  Use: Scroll            |     2 |     5 ||     7
       Potion            |       |     4 ||     4
 Stab: Sleeping          |     1 |       ||     1
  Eat: Chunk             |     3 |     5 ||     8
Armor: Robe              |    37 |    27 ||    64
Dodge: Dodged            |    56 |    87 ||   143
